Workbook
Name __xlnm.Print_Area_1: #REF!
Name __xlnm.Print_Area_1: #REF!
Name __xlnm.Print_Area_1: #REF!
Name __xlnm.Print_Area_1: #REF!
Name __xlnm.Print_Area_1: #REF!
Name __xlnm.Print_Area_1: #REF!
Name __xlnm.Print_Area_12: #REF!
Name __xlnm.Print_Area_12: #REF!
Name __xlnm.Print_Area_12: #REF!
Name __xlnm.Print_Area_12: #REF!
Name __xlnm.Print_Area_12: #REF!
Name __xlnm.Print_Area_12: #REF!
Name __xlnm.Print_Area_14: #REF!
Name __xlnm.Print_Area_14: #REF!
Name __xlnm.Print_Area_14: #REF!
Name __xlnm.Print_Area_14: #REF!
Name __xlnm.Print_Area_14: #REF!
Name __xlnm.Print_Area_14: #REF!
Name __xlnm.Print_Area_16: #REF!
Name __xlnm.Print_Area_16: #REF!
Name __xlnm.Print_Area_16: #REF!
Name __xlnm.Print_Area_16: #REF!
Name __xlnm.Print_Area_16: #REF!
Name __xlnm.Print_Area_20: #REF!
Name __xlnm.Print_Area_20: #REF!
Name __xlnm.Print_Area_20: #REF!
Name __xlnm.Print_Area_20: #REF!
Name __xlnm.Print_Area_20: #REF!
Name __xlnm.Print_Area_21: #REF!
Name __xlnm.Print_Area_21: #REF!
Name __xlnm.Print_Area_21: #REF!
Name __xlnm.Print_Area_21: #REF!
Name __xlnm.Print_Area_21: #REF!
Name __xlnm.Print_Area_22: #REF!
Name __xlnm.Print_Area_22: #REF!
Name __xlnm.Print_Area_22: #REF!
Name __xlnm.Print_Area_22: #REF!
Name __xlnm.Print_Area_22: #REF!
Name __xlnm.Print_Area_23: #REF!
Name __xlnm.Print_Area_23: #REF!
Name __xlnm.Print_Area_23: #REF!
Name __xlnm.Print_Area_23: #REF!
Name __xlnm.Print_Area_23: #REF!
Name __xlnm.Print_Area_24: #REF!
Name __xlnm.Print_Area_24: #REF!
Name __xlnm.Print_Area_24: #REF!
Name __xlnm.Print_Area_24: #REF!
Name __xlnm.Print_Area_24: #REF!
Name __xlnm.Print_Area_6: #REF!
Name __xlnm.Print_Area_6: #REF!
Name __xlnm.Print_Area_6: #REF!
Name __xlnm.Print_Area_6: #REF!
Name __xlnm.Print_Area_6: #REF!
Name __xlnm.Print_Area_8: #REF!
Name __xlnm.Print_Area_8: #REF!
Name __xlnm.Print_Area_8: #REF!
Name __xlnm.Print_Area_8: #REF!
Name __xlnm.Print_Area_8: #REF!
Name __xlnm.Print_Titles_10: #REF!
Name __xlnm.Print_Titles_10: #REF!

Sheet 1. Interview Info
A1: Section 1. Interview Information
A3: 0 | B3: 1 | C3: =B3+1 -> 2 | D3: =C3+1 -> 3 | E3: =D3+1 -> 4 | F3: =E3+1 -> 5 | G3: =F3+1 -> 6 | H3: =G3+1 -> 7 | I3: =H3+1 -> 8 | J3: =I3+1 -> 9 | ... N3: =M3+1 -> 13
A4: TIME / DATE STAMP | B4: INTERVIEWER: ENTER THE PHONE NUMBER DIALLED | C4: LOAD HHID FROM ROUND 1 DATA | D4: INTERVIEWER READ TO THE RESPONDENT: Greetings! My name is___________. I am working for Tebbutt Research. We are currently doing a nationwide survey about economic challenges and hardship in Solomon Islands. All information provided will be kept confidential. The information you will provide is very important because it assists the government and development partners to monitor the crisis and design response programs. This interview would take around 15 minutes. Any information you share with us will be kept strictly confidential and only be used for statistical purposes. If at any point there are any questions you do not feel comfortable answering, you can choose not to answer them. You can also choose to stop the interview at any point. This call will not cost you any airtime. We will also transfer airtime worth 10 Solomon Dollars to thank you for your time and support. Do you consent to being interviewed? | E4: Am I speaking with [NAME OF ROUND 1 RESPONDENT]? | F4: Do you know [NAME OF ROUND 1 RESPONDENT]? | G4: Would it be possible to contact [NAME OF ROUND 1 RESPONDENT]? | H4: Why is it not possible to contact [ROUND 1 RESPONDENT]? | I4: What is your name? | J4: INTERVIEWER READ TO THE RESPONDENT: In order to participate in this survey you must be over 18 years of age. Can you tell me your age? | K4: INTERVIEWER: WHAT IS THE SEX OF THE RESPONDENT? | L4: INTERVIEWER: IN THE CASE THAT THE RESPONDENT DOES NOT WISH TO BE INTERVIEWED, INTERVIEWERS SHOULD ATTEMPT TO CONVERT THE REFUSAL THROUGH ASKING RESPONDENTS ABOUT THEIR CONCERNS AND TRYING TO ASSUAGE THOSE CONCERNS IN A POLITE AND RESPECTFUL WAY. ALL REFUSALS SHOULD BE REVIEWED BY A SUPERVISOR AND A REASON RECORDED. IS THE RESPONDENT WILLING TO BE INTERVIEWED? | M4: INTERVIEWER: WHAT WAS THE MAIN REASON THE RESPONDENT DID NOT AGREE TO BE INTERVIEWED? | N4: RECORD REASON FOR REFUSAL.

Sheet 2.Basic Information RDD
A1: SECTION 2: BASIC INFORMATION RDD
A3: 1 | B3: =A3+1 -> 2 | C3: =B3+1 -> 3 | D3: =C3+1 -> 4 | E3: =D3+1 -> 5 | F3: =E3+1 -> 6 | G3: 10 | H3: =G3+1 -> 11 | I3: =H3+1 -> 12 | J3: =I3+1 -> 13 | K3: =J3+1 -> 14 | L3: =K3+1 -> 15 | M3: =L3+1 -> 16
B4: ONLY IF NEW RESPONDENT | G4: ONLY IF NEW RESPONDENT
A5: INTERVIEWER: WHAT IS THE SEX OF THE RESPONDENT. CONFIRM IF UNSURE. | B5: What is your relationship to the head of household? | C5: Do you have children age 2 or younger live in the household? | D5: Do you have children in the age group 3-5 live in the household? | E5: Do you have children in the age group 6-14 live in the household? | F5: How many persons including yourself, live in the household? | G5: What is the highest level of education you have completed? DO NOT READ OPTIONS | H5: In what province are you currently living? | I5: In what district are you currently living? | J5: CATI PROGRAMMER: SKIP IF LIVING IN HONIARA. | K5: Are you living in the same province as three months ago? | L5: In which province were you living three months ago? | M5: Have you heard of the Government's COVID-19 Economic Stimulus Package (ESP)?
J6: Is the area in which you are living...

Sheet 3. Vaccine
A1: Section 3. Vaccine
A2: Section 3 is only asked to group 2 households
A4: 2 | B4: =A4+1 -> 3 | C4: =B4+1 -> 4 | D4: =C4+1 -> 5 | E4: =D4+1 -> 6 | F4: =E4+1 -> 7 | G4: =F4+1 -> 8 | H4: =G4+1 -> 9 | I4: =H4+1 -> 10 | ... O4: =N4+1 -> 16
B5: =CONCATENATE("IF S3Q",A4," == 1") -> IF S3Q2 == 1 | C5: =CONCATENATE("IF S3Q",A4," == 1") -> IF S3Q2 == 1 | D5: =CONCATENATE("IF S3Q",A4," == 1") -> IF S3Q2 == 1 | E5: =CONCATENATE("IF S3Q",D4," == 2 & S3Q",A4," == 1") -> IF S3Q5 == 2 & S3Q2 == 1 | F5: =CONCATENATE("IF S3Q",A4,"==2") -> IF S3Q2==2 | G5: =CONCATENATE("(IF S3Q",E4," == 2 OR 3) OR (IF S3Q",F4," == 2 OR 3)") -> (IF S3Q6 == 2 OR 3) OR (IF S3Q7 == 2 OR 3) | H5: =CONCATENATE("(IF S3Q",E4," == 2 OR 3) OR (IF S3Q",F4," == 2 OR 3)") -> (IF S3Q6 == 2 OR 3) OR (IF S3Q7 == 2 OR 3) | I5: =CONCATENATE("IF S3Q",E4," == 1"," OR if S3Q",F4," == 1" ) -> IF S3Q6 == 1 OR if S3Q7 == 1 | J5: =CONCATENATE("IF S3Q",A4," == 1") -> IF S3Q2 == 1 | K5: IF S3Q2==1 & S3Q11==1 | L5: =CONCATENATE("IF S3Q",D4," == 2") -> IF S3Q5 == 2 | M5: =CONCATENATE("IF S3Q",E4," == 1"," OR if S3Q",F4," == 1" ) -> IF S3Q6 == 1 OR if S3Q7 == 1 | N5: =CONCATENATE("IF S3Q",A4," == 1") -> IF S3Q2 == 1 | O5: =CONCATENATE("IF S3Q",A4," == 1 & S3Q",N4," == 1") -> IF S3Q2 == 1 & S3Q15 == 1
A6: Do you know if a vaccine for COVID-19 is available in this country? | B6: Where did you hear about the availability of the COVID-19 vaccine in this country? DO NOT READ OPTIONS MULTIPLE SELECTION | C6: What is your main source of information on the COVID-19 vaccine? | D6: Have you been vaccinated for COVID-19? | E6: Are you planning to be vaccinated? | F6: When a vaccine to protect you from COVID-19 is available to you, are you planning to be vaccinated? | G6: Why are you not sure or not planning to be vaccinated? DO NOT READ OPTIONS, MULTI-SELECT | H6: Would you be more likely to receive the COVID-19 vaccine if any of the following individual/authorities receive or recommend the vaccine? MULTI-SELECT | I6: What do you think are the main difficulties that you will/would encounter to get the vaccine? DO NOT READ OPTIONS, MULTI-SELECT | J6: Do you know if priority groups for the vaccine have been established by the government? | K6: Do you know whether you are in the current priority groups or not? | L6: Do you know how to get vaccinated for COVID-19? | M6: Do you know how many doses of the vaccine you will get? | N6: Has anyone in your household been vaccinated for COVID-19? (not including respondent) | O6: Who in your household has been vaccinated?

Sheet 4a. Employment & ESP
A1: SECTION 4a: Employment & ESP
AT2: GROUP 1
N3: HOUSEHOLD HEAD | AD3: NON-FARM BUSINESS | AJ3: FARMING | AT3: REMITTANCES | AX3: FINANCIAL ANXIETY
A4: 1 | B4: =A4+1 -> 2 | C4: =B4+1 -> 3 | D4: =C4+1 -> 4 | E4: =D4+1 -> 5 | F4: =E4+1 -> 6 | G4: =F4+1 -> 7 | H4: =G4+1 -> 8 | I4: =H4+1 -> 9 | ... M4: =L4+1 -> 13 | N4: 18 | O4: =N4+1 -> 19 | P4: =O4+1 -> 20 | Q4: =P4+1 -> 21 | R4: =Q4+1 -> 22 | S4: =R4+1 -> 23 | T4: =S4+1 -> 24 | U4: =T4+1 -> 25 | V4: =U4+1 -> 26 | ... AC4: =AB4+1 -> 33 | AD4: 37 | AE4: =AD4+1 -> 38 | AF4: =AE4+1 -> 39 | AG4: =AF4+1 -> 40 | AH4: =AG4+1 -> 41 | AI4: =AH4+1 -> 42 | AJ4: =AI4+1 -> 43 | AK4: =AJ4+1 -> 44 | AL4: =AK4+1 -> 45 | ... BE4: =BD4+1 -> 64
B5: =CONCATENATE("IF S4Q",A4," == 1") -> IF S4Q1 == 1 | C5: =CONCATENATE("IF S4Q",A4," == 1") -> IF S4Q1 == 1 | D5: =CONCATENATE("IF S4Q",A4," == 1") -> IF S4Q1 == 1 | F5: =CONCATENATE("IF S4Q",E4," == 1") -> IF S4Q5 == 1 | G5: =CONCATENATE("IF S4Q",E4," == 1") -> IF S4Q5 == 1 | H5: =CONCATENATE("IF S4Q",E4," == 1") -> IF S4Q5 == 1 | J5: =CONCATENATE("IF S4Q",E4," == 1 & S4Q",I4," == 2" ) -> IF S4Q5 == 1 & S4Q9 == 2 | K5: =CONCATENATE("IF S4Q",$I4," == 1") -> IF S4Q9 == 1 | L5: =CONCATENATE("IF S4Q",$I4," == 1") -> IF S4Q9 == 1 | M5: =CONCATENATE("IF S4Q",$I4," == 1") -> IF S4Q9 == 1 | N5: IF PRELOADED OR S2Q2 == 1 | O5: ONLY IF RETURNING HEAD | P5: =CONCATENATE("ONLY IF RETURNING RESPONDENT & IF S4Q",N4," == 2") -> ONLY IF RETURNING RESPONDENT & IF S4Q18 == 2 | Q5: IF S4Q18==2 OR S4Q20==2 | R5: IF S4Q18==2 OR S4Q20==2 | S5: IF S4Q18==2 OR S4Q20==2 | T5: IF S4Q18==2 OR S4Q20==2 | U5: IF S4Q18==2 OR S4Q20==2 | V5: IF S4Q25==1 | W5: IF S4Q18==2 OR S4Q20==2 | X5: IF S4Q27==1 | Y5: IF S4Q18==2 OR S4Q20==2 | Z5: IF S4Q27==1 & S4Q29==2 | AA5: IF S4Q29==1 | AB5: IF S4Q29==1 | AC5: IF S4Q29==1 | AD5: ONLY IF RETURNING RESPONDENT | AE5: =CONCATENATE("IF S4Q",AD4," == 2 OR IF NEW RESPONDENT") -> IF S4Q37 == 2 OR IF NEW RESPONDENT | AF5: =CONCATENATE("(IF S4Q",AD4," == 1) OR (IF S4Q",AE4," == 1)") -> (IF S4Q37 == 1) OR (IF S4Q38 == 1) | AG5: =CONCATENATE("IF S2Q",'2.Basic Information RDD'!M3," == 1") -> IF S2Q16 == 1 | AH5: =CONCATENATE("IF S2Q",'2.Basic Information RDD'!M3," == 1 & S4Q",AG4," == 1") -> IF S2Q16 == 1 & S4Q40 == 1 | AI5: =CONCATENATE("IF S2Q",'2.Basic Information RDD'!M3," == 1 & S4Q",AH4," == 1") -> IF S2Q16 == 1 & S4Q41 == 1 | AJ5: ONLY IF RETURNING RESPONDENT | AK5: =CONCATENATE("IF S4Q",AJ4," == 2 OR IF NEW RESPONDENT") -> IF S4Q43 == 2 OR IF NEW RESPONDENT | AL5: =CONCATENATE("(IF S4Q",AK4," == 1 ) OR (IF S4Q",AJ4," == 1)") -> (IF S4Q44 == 1 ) OR (IF S4Q43 == 1) | AM5: =CONCATENATE("IF S4Q",AL4," == 2") -> IF S4Q45 == 2 | AN5: =CONCATENATE("IF S4Q",AJ4," == 1 OR ", "IF S4Q",AK4," == 1") -> IF S4Q43 == 1 OR IF S4Q44 == 1 | AO5: =CONCATENATE("(IF S4Q",AK4," == 1 ) OR (IF S4Q",AJ4," == 1)") -> (IF S4Q44 == 1 ) OR (IF S4Q43 == 1) | AP5: =CONCATENATE("(IF S4Q",AO4," == 3) OR (IF S4Q",AO4," == 4)") -> (IF S4Q48 == 3) OR (IF S4Q48 == 4) | AQ5: =CONCATENATE("IF S2Q",'2.Basic Information RDD'!M3," == 1 & S4Q",AK4," == 1") -> IF S2Q16 == 1 & S4Q44 == 1 | AR5: =CONCATENATE("IF S4Q",AK4," == 1") -> IF S4Q44 == 1 | AS5: =CONCATENATE("IF S2Q",'2.Basic Information RDD'!M3," == 1 & S4Q",AR4," == 1") -> IF S2Q16 == 1 & S4Q51 == 1 | AT5: ONLY IF RETURNING RESPONDENT | AU5: =CONCATENATE("IF S4Q",AT4," == 2 OR IF NEW RESPONDENT") -> IF S4Q53 == 2 OR IF NEW RESPONDENT | AV5: =CONCATENATE("(IF S4Q",AT4," == 1) OR (IF S4Q",AU4," == 1)") -> (IF S4Q53 == 1) OR (IF S4Q54 == 1) | AW5: =CONCATENATE("(IF S4Q",AT4," == 1) OR (IF S4Q",AU4," == 1)") -> (IF S4Q53 == 1) OR (IF S4Q54 == 1) | AY5: =CONCATENATE("IF S2Q",'2.Basic Information RDD'!M3," == 1") -> IF S2Q16 == 1 | BA5: =CONCATENATE("IF S4Q",AZ4," == 1") -> IF S4Q59 == 1 | BB5: =CONCATENATE("IF S2Q",'2.Basic Information RDD'!M3," == 1") -> IF S2Q16 == 1 | BC5: =CONCATENATE("IF S2Q",'2.Basic Information RDD'!M3," == 1") -> IF S2Q16 == 1
A6: Thinking back to the start of last year, 2020, did you do any work for pay, do any kind of business, farming or other activity to generate income? | B6: What is the main activity of the business or organization in which you were working in your main job at the start of last year? DO NOT READ OPTIONS | C6: Were you working full time or part time at the start of last year? | D6: Was your job at the start of last year formal or informal? | E6: Thinking back to the start of this year, 2021, did you do any work for pay, do any kind of business, farming or other activity to generate income? | F6: What is the main activity of the business or organization in which you were working in your main job at the start of this year? DO NOT READ OPTIONS | G6: Were you working full time or part time at the start of this year? | H6: Was your job at the start of this year formal or informal? | I6: Last week, did you do any work for pay, do any kind of business, farming or other activity to generate income? | J6: Why did you stop working? DO NOT READ OPTIONS | K6: What is the main activity of the business or organization in which you are currently working? DO NOT READ OPTIONS | L6: Are you currently employed full time or part time? | M6: Is your current job formal or informal? | N6: IS THE RESPONDENT THE HEAD OF THE HOUSEHOLD? | O6: PRELOAD: HOUSEHOLD HEAD WORKING IN ROUND 1 OR ROUND 2 | P6: Is [NAME] still the head of the household? | Q6: I am now going to ask you the same set of questions about the head of the household. Please try to answer as best as you can, even if you need to estimate. What is the name of the head of the household? [NAME] | R6: Is the head of the household a man or a woman? [CONFIRM IF UNSURE FROM NAME.] | S6: How old is [NAME]? ASK RESPONDENT TO ESTIMATE IF UNSURE | T6: What is the highest level of education [NAME] has completed? DO NOT READ OPTIONS | U6: Thinking back to the start of last year, 2020, did [NAME] do any work for pay, do any kind of business, farming or other activity to generate income? | V6: What is the main activity of the business or organization in which [NAME] was working in his/her main job at the start of last year, 2020? DO NOT READ OPTIONS | W6: Thinking back to the start of this year, 2021, did [NAME] do any work for pay, do any kind of business, farming or other activity to generate income? | X6: What is the main activity of the business or organization in which [NAME] was working in at the start of this year? DO NOT READ OPTIONS | Y6: Last week, did [NAME] do any work for pay, do any kind of business, farming or other activity to generate income? | Z6: Why did [NAME] stop working? DO NOT READ OPTIONS | AA6: What is the main activity of the business or organization in which [NAME] is currently working? DO NOT READ OPTIONS | AB6: Is [NAME] currently working full time or part time? | AC6: Is [NAME]'s current job formal or informal? | AD6: PRELOAD: HOUSEHOLD OPERATING A NON-FARM BUSINESS IN ROUND 1 OR ROUND 2 | AE6: At any point in the year 2020 did you or any member of your household operate a non-farming business, including a family business? | AF6: Compared to the start of this year, is the income from the family business since last month… READ OPTIONS | AG6: Have you, or anyone else in your household, submitted an application to receive assistance in tourism activities as part of the Government's COVID-19 Economic Stimulus Package? | AH6: Was your application approved? | AI6: Have you, or anyone else in your household, received any assistance to invest in tourism activities as part of the Government's COVID-19 Economic Stimulus Package? | AJ6: PRELOAD: HOUSEHOLD WITH FARMING IN ROUND 1 OR ROUND 2 | AK6: Do you or any member of your household work on a household farm growing crops, raising livestock, or fishing? | AL6: In the past month, has your household been able to perform the normal activities on the farm or raising livestock or fishing? | AM6: What are the main reasons your household has not been able to perform the normal activities on the farm or raising livestock or fishing? DO NOT READ OPTIONS - MARK UP TO 3 | AN6: In which agricultural activities did your household work in the past month? MARK ALL THAT APPLY | AO6: Compared to last agricultural season, is the income from the farming, fishing, and raising livestock expected to be…? READ OPTIONS | AP6: Why do you expect income from farming, fishing, or raising livestock to be lower? DO NOT READ OPTIONS - MARK UP TO 3 | AQ6: Have you, or anyone else in your household, received any assistance to invest in agricultural, forestry, or fishing activities as part of the Government's COVID-19 Economic Stimulus Package? | AR6: Do you or does anyone in your household grow copra or cocoa? | AS6: Have you, or anyone else in your household, benefitted from the copra and cocoa subsidy scheme as part of the Government's COVID-19 Economic Stimulus Package? | AT6: PRELOAD: HOUSEHOLD WITH REMITTANCES IN ROUND 1 OR ROUND 2 | AU6: RETURNING RESPONDENT: Has your household started to receive remittances from family members or relatives who work in other city or other country? NEW RESPONDENT: Does your household usually receive remittance from family members or relatives who work in other city or other country? | AV6: From where does your household typically receive remittances? SELECT ALL THAT APPLY. | AW6: Comparing to usual, how was the remittance received from that family member in the last month? READ OPTIONS | AX6: Do you, or does anyone in your household, currently have a loan with a formal lending instutition? | AY6: Have your household received temporary relief on loan repayments on any loan you have with a formal lending institution as part of the Government's COVID-19 Economic Stimulus Package? | AZ6: Has the household had to take a loan from a financial institution since December 2020 ? | BA6: Was this loan from the Development Bank of the Solomon Islands as part of the Government's COVID-19 Economic Stimulus Package? | BB6: Have you or anyone in your household received any assistance from the Government's COVID-19 Economic Stimulus Package since Dec 2020? | BC6: Have you or anyone in your household received a payout from a payout from the National Provident Fund since Dec 2020 as part of the Government’s COVID-19 Economic Stimulus Package? | BD6: How worried are you about your household's finances in the next month? READ OPTIONS | BE6: One year from now, do you think the state of the economy will be...? READ OPTIONS

Sheet 4b. Income
A1: SECTION 4b: INCOME
A2: Section 4b is only asked to group 2 households
A4: 1 | C4: =A4+1 -> 2
A6: In the last 12 months, which of the following were your household's sources of livelihood? | B6: SELECT ALL THAT APPLY | C6: Compared to the start of last year, January 2020, has income from [SOURCE] …?
A7: Family farming, livestock or fishing
A8: Non-farm family business
A9: Wage employment of household members
A10: Unemployment benefits
A11: Remittances from abroad
A12: Assitance from family within the country
A13: Assistance from other non-family individuals
A14: Income form properties, investments, or savings
A15: Pension
A16: Assistance from the government
A17: Assistance from NGOs / charitable organizations
A18: Other (specify)
A19: (Refused)

Sheet 5. Access Food & Food Secur
A1: 5. Access to Food and Food Insecurity
A2: Section 5 is only asked to group 1 households
A4: STAPLE FOODS | D4: PROTEIN | G4: VEGETABLES / FRUIT | I4: FOOD SECURITY
A5: 1 | B5: =A5+1 -> 2 | C5: =B5+1 -> 3 | D5: =C5+1 -> 4 | E5: =D5+1 -> 5 | F5: =E5+1 -> 6 | G5: =F5+1 -> 7 | H5: =G5+1 -> 8 | I5: =H5+1 -> 9 | ... Q5: =P5+1 -> 17
A6: Which of the following does your household typically consume most often this time of year? READ OUT ANSWER OPTIONS | B6: In the last week, has your household been able to buy [STAPLE]? READ OUT ANSWER OPTIONS | C6: Why was your household not able to buy [STAPLE]? DO NOT READ OPTIONS | D6: Which of the following does your household typically consume most often this time of year? READ OUT ANSWER OPTIONS | E6: In the last week, has your household been able to buy [PROTEIN]? READ OUT ANSWER OPTIONS | F6: Why was your household not able to buy [PROTEIN]? DO NOT READ OPTIONS | G6: In the last week, has your household been able to buy vegetables or fruit? READ OUT ANSWER OPTIONS | H6: Why was your household not able to buy vegetables or fruit? DO NOT READ OPTIONS | I6: During the last 30 days, was there a time when you or another adult in the household: | N6: Was there a time in the last 30 days | Q6: How worried are you about having enough to eat in the next week? READ OUT ANSWER OPTIONS
I7: you were worried about not having enough food to eat because of lack of money or other resources? READ OUT ANSWER OPTIONS | J7: you were unable to eat healthy and nutritious/preferred foods because of a lack of money or other resources? READ OUT ANSWER OPTIONS | K7: you ate only a few kinds of foods because of a lack of money or other resources? READ OUT ANSWER OPTIONS | L7: you had to skip a meal because there was not enough money or other resources to get food? READ OUT ANSWER OPTIONS | M7: You ate less than you thought you should because of a lack of money or other resources? | N7: in which your household ran out of food because of a lack of money or other resources? READ OUT ANSWER OPTIONS | O7: you were hungry but did not eat because there was not enough money or other resources for food? READ OUT ANSWER OPTIONS | P7: you went without eating for a whole day because of a lack of money or other resouces? READ OUT ANSWER OPTIONS
C10: s

Sheet 6. Coping Strategies
A1: 6. Coping Strategies
A2: Section 1 is only asked to group 1 households
A4: 1 | B4: =A4+1 -> 2 | C4: =B4+1 -> 3 | D4: =C4+1 -> 4 | E4: =D4+1 -> 5 | F4: =E4+1 -> 6 | G4: 9 | H4: =G4+1 -> 10 | I4: =H4+1 -> 11 | J4: =I4+1 -> 12 | K4: =J4+1 -> 13 | L4: =K4+1 -> 14 | M4: 20 | N4: =M4+1 -> 21
A5: Returning households: Has the household had to do any of the following actions since the last time we spoke in December 2020: New households: Has the household had to do any of the following actions since December 2020:
A6: Sell assets? | B6: Sell livestock? | C6: Find ways to earn extra money? | D6: Receive cash or borrow from friends or family? | E6: Receive other assistance from friends or family? | F6: Receive assistance from church or other religious body? | G6: Purchase items on credit? | H6: Delay making re-payments? | I6: IF HOUSEHOLD PARTICIPATES IN AGRICULTURE [S4Q43 == 1 OR S4Q44 = 1] Sell harvest in advance? | J6: Reduce food consumption? | K6: Reduce non-food consumption? | L6: Spend from savings? | M6: IF HOUSEHOLD HAS SCHOOL AGE CHILDREN [S2Q5=1] Reduce the number of children attending school? | N6: Other (specify)

Sheet 7. Health
A1: Section 7. Health
A2: Section 7 is only asked to group 2 households
A4: 4 | B4: =A4+1 -> 5 | C4: =B4+1 -> 6 | D4: =C4+1 -> 7 | E4: =D4+1 -> 8 | F4: =E4+1 -> 9
B5: =CONCATENATE("IF S7Q",A4," == 1") -> IF S7Q4 == 1 | C5: =CONCATENATE("IF S7Q",B4," == 2") -> IF S7Q5 == 2 | E5: =CONCATENATE("IF S7Q",D4," == 1") -> IF S7Q7 == 1 | F5: =CONCATENATE("IF S7Q",E4," == 2") -> IF S7Q8 == 2
A6: In the past month, have you or any member of your household needed any routine care, such as for [non-communicable diseases, tuberculosis]? | B6: Were you or the member of your household able to access the routine care required? | C6: What was the reason you or the member of your household were not able to access the routine care required? DO NOT READ | D6: In the past month, have you or any member of your household needed any preventative medical care, such as for [childhood vaccines, pre-natal care]? | E6: Were you or the member of your household able to access preventative medical care? | F6: What was the reason you or the member of your household were not able to access preventative medical care? DO NOT READ

Sheet 8. Public Trust & Security
A1: Section 8. Public Trust & Security
A2: Section 8 is only asked to the group 2 households
A4: 1 | B4: 2
A6: Compared to the start of the year, how do you think trust and social relations have changed with people that live within in your community? | B6: Compared to the start of this year, do you think the situation in your community with the following problems has gotten better, stayed the same, or gotten worse?
B7: Theft | C7: Damage to property | D7: Alcohol and drug abuse | E7: Intimidation by police | F7: Land disputes | G7: Domestic abuse

Sheet 9. Assets (new only)
A1: 9. Assets and Well-being
B3: 1 | C3: =B3+1 -> 2 | D3: =C3+1 -> 3 | E3: =D3+1 -> 4 | F3: =E3+1 -> 5 | G3: =F3+1 -> 6 | H3: =G3+1 -> 7 | I3: =H3+1 -> 8 | J3: =I3+1 -> 9 | ... V3: =U3+1 -> 21 | AA3: =V3+1 -> 22 | AB3: =AA3+1 -> 23 | AC3: =AB3+1 -> 24 | AD3: =AC3+1 -> 25 | AE3: =AD3+1 -> 26 | AF3: =AE3+1 -> 27 | AG3: =AF3+1 -> 28 | AH3: =AG3+1 -> 29 | AI3: =AH3+1 -> 30 | ... AK3: =AJ3+1 -> 32
A4: THE NEXT QUESTIONS ASK ABOUT YOUR DWELLING AND THINGS YOUR HOUSEHOLD OWNS. THESE QUESTIONS HELP US UNDERSTAND THE LIVING CONDITIONS IN DIFFERENT PARTS OF THE SOLOMON ISLANDS. | B4: Does anyone in your household have: | T4: Does any member of this household own any agricultural land? | U4: Does this household own any livestock, herds, other farm animals, or poultry? | V4: How many of the following animals does this household own? | AA4: What is the main source of drinking water for members of your household? DO NOT READ OPTIONS | AB4: What kind of toilet facility do members of your household usually use? DO NOT READ OPTIONS | AC4: Do you share this toilet facility with other households? | AD4: What is the main material of the walls of your main dwelling? DO NOT READ OPTIONS | AE4: What is the main material of the floor of your main dwelling? DO NOT READ OPTIONS | AF4: What is the main material of the roof of your main dwelling? DO NOT READ OPTIONS | AG4: What type of fuel does your household mainly use for cooking? DO NOT READ OPTIONS | AH4: Does your household have electricity? | AI4: How many rooms in this household are used for sleeping? | AJ4: How many working mobile phones are owned by household members? CANNOT BE ZERO. | AK4: Does any member of this household have a bank account?
B5: A radio? | C5: A televsion? | D5: A bed? | E5: A working sewing machine? | F5: A working microwave oven? | G5: A working electric fan? | H5: A working freezer? | I5: A working washing machine? | J5: A working video set / VCD / DVD player? | K5: A working chainsaw? | L5: A dining table? | M5: A pressure lamp? | N5: A refrigerator? | O5: A watch? | P5: A bicycle? | Q5: A motorcycle or scooter? | R5: A car or truck? | S5: A boat with a motor? | V5: Cows and bulls? | W5: Pigs? | X5: Ducks? | Y5: Chickens? | Z5: Others?

Sheet 10. Interview Result
A1: Section 10. Interview Result
A3: 1 | B3: 2 | C3: 3 | D3: 4 | E3: 5 | F3: 6 | G3: 7
A4: WHAT IS THE RESULT OF THE INTERVIEW? | B4: CONSENT TO RECONTACT | C4: INTERVIEWER: WHAT IS THE RESPONDENT PREFERED NUMBER FOR FUTURE INTERVIEW? | D4: COULD WE HAVE ANOTHER ALTERNATIVE NUMBER TO CALL | E4: WHAT IS THE NUMBER AND WHO DOES IT BELONG TO | F4: DID YOU TRY CALLING ALL THE NUMBERS PROVIDED FOR THIS HOUSEHOLD, INCLUDING THE REFERENCE PERSON'S NUMBER? | G4: WHY DIDN'T YOU TRY CALLING ALL THE NUMBERS PROVIDED FOR THIS HOUSEHOLD, INCLUDING THE REFERENCE PERSON'S NUMBER?
B5: We would like to call you again within the next 12 months as a follow up of this study about the pandemic and to hear how your family is doing. If you agree, could I call you on this number or, could you provide me with another phone number where I could reach you? If you do not want me to call you back, we will delete your Information after 3 months, otherwise we will keep your Information for [12] months. Do you agree that we may call you back in with the next 12 months]?
